 Dungeon Crawl Stone Soup version 0.23-a0-760-g92239d2 (webtiles) character file.

26 SmSkdm the Slasher (level 3, 24/31 HPs)
             Began as a Chaoskin Chaos Knight on Mar 31, 2019.
             Was a Plaything of Xom.
             Quit the game on level 2 of the Dungeon on May 9, 2019.
             The game lasted 00:02:17 (537 turns).

SmSkdm the Slasher (Chaoskin Chaos Knight)           Turns: 537, Time: 00:02:17

Health: 24/31      AC:  5    Str: 14    XL:     3   Next: 22%
Magic:  3/3        EV: 12    Int: 13    God:    Xom [*.....]
Gold:   4          SH:  0    Dex: 13    Spells: 2/2 levels left

rFire    . . .     SeeInvis .   a - +0 falchion (chaos)
rCold    . . .     Gourm    .   (no shield)
rNeg     . . .     Faith    .   b - +2 leather armour
rPois    .         Spirit   .   (no helmet)
rElec    .         Reflect  .   (no cloak)
rCorr    .         Harm     .   (no gloves)
MR       .....                  (no boots)
Stlth    +.........             (no amulet)
HPRegen  0.10/turn              (no ring)
MPRegen  0.08/turn              (no ring)

@: no status effects
A: evolution 1
a: Renounce Religion


You were on level 2 of the Dungeon.
You worshipped Xom.
You were a special plaything of Xom.
You were not hungry.

You visited 1 branch of the dungeon, and saw 2 of its levels.

You collected 4 gold pieces.

Inventory:

Hand Weapons
 a - a +0 falchion of chaos (weapon)
Armour
 b - a +2 leather armour (worn)
Scrolls
 d - a scroll of enchant armour {unknown}
 f - a scroll of immolation {unknown}
 g - a scroll of identify {unknown}
Potions
 e - a potion of mutation {unknown}
Comestibles
 c - a ration


   Skills:
 + Level 3.6 Fighting
 + Level 3.6 Long Blades
 + Level 2.6 Armour
 + Level 1.8 Dodging


You had 2 spell levels left.
You didn't know any spells.
Your spell library was empty.

Dungeon Overview and Level Annotations

Branches:
Dungeon (2/15)

Altars:
Ashenzari
Qazlal


Innate Abilities, Weirdness & Mutations

You are occasionally noticed by Xom.
You evolve.


Message History

You kill the rat!
No target in view!
No target in view!
No target in view!
g - a scroll labeled HERREM OZO
Found a stone staircase leading down.
Found an escape hatch in the floor.
No target in view!
No target in view!
No target in view!
No target in view!
Found a stormy altar of Qazlal.
Key pressed, stopping explore.
Key pressed, stopping explore.
A bat comes into view.
You hear Xom's avuncular chuckle.
The bat evaporates and reforms as a river rat!
A river rat is nearby!
A river rat is nearby!
Are you sure you want to abandon this character and quit the game? (Confirm with "yes".)

.≈≈≈≈≈≈≈≈..#
....≈≈>.≈≈≈..#
.r≈≈≈≈_.≈≈≈..#
....≈≈≈≈≈≈...#
...≈≈≈≈≈≈≈...##
...≈≈≈≈≈......#
..≈..≈≈≈..≈...#
.......≈......#
.......@......#
###############


You could see a river rat.

Vanquished Creatures
  An adder (D:2)
  A dart slug (D:1)
  2 bats (D:1)
  A goblin (D:1)
  2 hobgoblins (D:1)
  4 kobolds (D:1)
  3 frilled lizards (D:1)
  2 rats
16 creatures vanquished.

Notes
Turn   | Place    | Note
-------+----------+-------------------------------------------
     0 | D:1      | SmSkdm the Chaoskin Chaos Knight began the quest for the
                  | Orb.
     0 | D:1      | Reached XP level 1. HP: 19/19 MP: 1/1
    78 | D:1      | Reached XP level 2. HP: 25/26 MP: 2/2
   188 | D:1      | XOM: butterfly on damage
   284 | D:1      | XOM: harmless Conj miscast
   438 | D:1      | XOM: summons 1 hostile demon
   440 | D:1      | XOM: butterfly on damage
   448 | D:1      | XOM: summons 1 hostile demon
   494 | D:2      | Found a shattered altar of Ashenzari.
   494 | D:2      | XOM: 3-stop teleportation journey
   503 | D:2      | Gained mutation: You evolve. [Chaoskin growth]
   503 | D:2      | Reached XP level 3. HP: 21/31 MP: 3/3
   520 | D:2      | Found a stormy altar of Qazlal.
   536 | D:2      | XOM: polymorph bat -> river rat
   537 | D:2      | Quit the game

Vault maps used:
D:1:      dpeg_arrival_pond, minivault_14, st_stairs_3, roderic_lattice_a,
          chequers_serial_rivers_micro_e, serial_park_tiny_pond
D:2:      minmay_recursive_quarters, okawaru_gym_becter,
          evilmike_ruin_ashenzari, grunt_ministairs_15,
          nicolae_qazlal_general_emergency

Action                   || total
-------------------------++-------
Melee: Falchion          ||    42
 Stab: Sleeping          ||     1
Armor: Leather armour    ||    27
Dodge: Dodged            ||    21
       Rpst.: Falchion   ||     6

Table legend:
 A = Non-vault XP
 B = Vault XP
 C = Vault XP percentage of total XP
 D = Non-vault monster count
 E = Vault monster count
 F = Vault count percentage of total count
                 A         B        C        D         E       F
            +---------+---------+-------+---------+---------+-------
      Total |      24 |      14 |  36.8 |      14 |       2 |  12.5
            +---------+---------+-------+---------+---------+-------
        D:1 |      24 |       0 |   0.0 |      14 |       0 |   0.0
        D:2 |       0 |      14 | 100.0 |       0 |       2 | 100.0
            +---------+---------+-------+---------+---------+-------
